 Dungeon Crawl Stone Soup version 0.23-a0-642-g3120c2f (webtiles) character file.

112 tidbits the Caller (level 4, 0/32 HPs)
             Began as a Gnoll Summoner on Dec 30, 2018.
             Slain by a bullfrog (2 damage)
             ... on level 5 of the Dungeon.
             The game lasted 00:09:08 (802 turns).

tidbits the Caller (Gnoll Summoner)                  Turns: 802, Time: 00:09:08

Health: 0/32       AC:  2    Str: 11    XL:     4   Next: 95%
Magic:  16/20      EV: 15    Int: 18    God:
Gold:   111        SH:  0    Dex: 15    Spells: 3/13 levels left

rFire    . . .     SeeInvis .   a - +0 dagger
rCold    . . .     Gourm    .   (no shield)
rNeg     . . .     Faith    .   o - +0 robe
rPois    .         Spirit   .   (no helmet)
rElec    .         Reflect  .   (no cloak)
rCorr    +         Harm     .   (no gloves)
MR       .....                  (no boots)
Stlth    +++.......             (no amulet)
HPRegen  0.10/turn              g - ring of magical power
MPRegen  0.17/turn              K - ring of resist corrosion

@: flying
A: distributed training, fangs 1, strong nose
a: no special abilities


You were on level 5 of the Dungeon.
You were not hungry.

You visited 1 branch of the dungeon, and saw 6 of its levels.

You collected 111 gold pieces.

Inventory:

Hand Weapons
 a - a +0 dagger (weapon)
 b - a +0 flail
 r - a +0 rapier
 t - a +0 trident
Missiles
 q - 12 arrows
Armour
 o - a +0 robe (worn)
 u - a +0 ring mail
Jewellery
 d - an uncursed ring of teleportation
   (You found it on level 2 of the Dungeon)
 g - a ring of magical power (left hand)
   (You found it on level 1 of the Dungeon)
 h - an uncursed amulet of inaccuracy
   (You found it on level 1 of the Dungeon)
 s - an uncursed ring of ice
   (You found it on level 4 of the Dungeon)
 K - a ring of resist corrosion (right hand)
   (You found it on level 3 of the Dungeon)
Wands
 p - a wand of disintegration (7)
Scrolls
 e - 2 scrolls of identify {unknown}
 k - a scroll of noise {unknown}
 l - a scroll of teleportation {unknown}
 n - a scroll of enchant weapon {unknown}
Potions
 f - a potion of resistance {unknown}
 i - a potion of flight
 j - a potion of agility {unknown}
 m - a potion of heal wounds {unknown}
Comestibles
 c - 3 rations


   Skills:
 + Level 1.2 Fighting
 + Level 1.2 Short Blades
 + Level 1.2 Long Blades
 + Level 1.2 Axes
 + Level 1.2 Maces & Flails
 + Level 1.2 Polearms
 + Level 1.2 Staves
 + Level 1.2 Slings
 + Level 1.2 Bows
 + Level 1.2 Crossbows
 + Level 1.2 Throwing
 + Level 1.2 Armour
 + Level 4.7 Dodging
 + Level 4.3 Stealth
 + Level 1.2 Shields
 + Level 1.2 Unarmed Combat
 + Level 5.1 Spellcasting
 + Level 1.0 Conjurations
 + Level 1.0 Hexes
 + Level 1.0 Charms
 + Level 7.1 Summonings
 + Level 1.0 Necromancy
 + Level 1.0 Translocations
 + Level 1.0 Transmutations
 + Level 1.0 Fire Magic
 + Level 1.0 Ice Magic
 + Level 1.0 Air Magic
 + Level 1.0 Earth Magic
 + Level 1.0 Poison Magic
 + Level 1.4 Invocations
 + Level 1.2 Evocations


You had 3 spell levels left.
You knew the following spells:

 Your Spells              Type           Power        Failure   Level  Hunger
a - Summon Small Mammal   Summ           ####         1%          1    None
c - Call Canine Familiar  Summ           ####....     1%          3    ##.....
i - Call Imp              Summ           ####....     1%          2    #......
L - Summon Lightning Spi  Summ/Air       ###.....     24%         4    ####...

Your spell library contained the following spells:

 Spells                   Type           Power        Failure   Level  Hunger
 Summon Guardian Golem    Hex/Summ       ###.....     8%          3    ##.....
 Shock                    Conj/Air       #...         9%          1    None
 Swiftness                Chrm/Air       #.......     13%         2    #......
 Static Discharge         Conj/Air       #.......     26%         3    ##.....
 Summon Ice Beast         Ice/Summ       ###.....     24%         4    ####...
 Airstrike                Air            #.........   63%         4    ####...
 Lightning Bolt           Conj/Air       #.........   93%         5    ######.


Dungeon Overview and Level Annotations

Branches:
Dungeon (6/15)
 Temple: D:4-7

Altars:
Fedhas
Okawaru
Ru
Wu Jian
The Shining One


Innate Abilities, Weirdness & Mutations

Your experience applies equally to all skills.
You have very sharp teeth.
Your uncanny sense of smell can sniff out nearby items.


Message History

Found a scroll of remove curse.
A hound comes into view.
Unknown command.
You see here a scroll of remove curse.
As you read the scroll of remove curse, it crumbles to dust.
You feel as if something is helping you.
Remove which piece of jewellery? (? for menu, Esc to quit)
You remove your amulet of inaccuracy.
What are your orders? t - Bark!
Orders for allies: a - Attack new target. r - Retreat! s - Stop attacking. g - Guard the area. f - Follow me.
Anything else - Cancel.
Gang up on whom?
Press: ? - help, Dir - move target cursor, f - hound
Aim: a hound (resting) Attack!
An orc priest comes into view. It is wielding a +0 trident.
Found 15 arrows.
You swap places.
The hound closely misses your hound.
Your hound bites the hound.
The hound bites your hound.
Your hound bites the hound.
You swap places.
The hound closely misses your hound.
Your hound bites the hound.
The hound bites your hound.
Your hound closely misses the hound.
The hound bites your hound.
Your hound misses the hound. The hound barely misses your hound.
Your hound closely misses the hound.
The hound closely misses your hound.
Your hound bites the hound.
The hound dies!
Found 11 gold pieces.
Unknown command.
There are no items here.
You see here 11 gold pieces.
You now have 97 gold pieces (gained 11).
a - a +0 dagger (weapon)
You open the door.
Found a stone staircase leading down.
A giant cockroach comes into view.
Found a green potion.
There is an open door here.
Unknown command.
Found 14 gold pieces.
The giant cockroach closely misses you.
The giant cockroach bites you but does no damage.
You barely miss the giant cockroach. The giant cockroach misses you.
Your hound bites the giant cockroach.
Your hound closely misses the giant cockroach.
The giant cockroach closely misses you.
You see here a green potion.
i - 2 green potions (gained 1)
Your hound bites the giant cockroach.
The giant cockroach dies!
You see here 14 gold pieces.
You now have 111 gold pieces (gained 14).
Found a metal-bound book and a ration.
Unknown command.
Your white imp disappears in a puff of smoke!
You see here a book of Air.
You pick up a book of Air and begin reading...
You add the spells Shock, Swiftness, Static Discharge, Airstrike and Lightning
Okay, then.
You see here a ration.
c - 3 rations (gained 1)
You open the door.
Found a blossoming altar of Fedhas.
You swap places.
You enter the shallow water.
Moving in this stuff is going to be slow.
There is a stone staircase leading down here.
You climb downwards.
Your summoned ally is left behind.
A bullfrog and 2 orcs come into view.
Found a black potion, a scale mail and a grey potion.
Found a stone staircase leading down.
There is a stone staircase leading up here.
The helpless bullfrog fails to defend itself.
You puncture the bullfrog! Your bite misses the bullfrog.
The bullfrog is severely wounded.
The orc shouts!
The bullfrog hits you. The bullfrog hits you!
You climb upwards.
Your hound disappears in a puff of smoke!
There is a stone staircase leading down here.
Unknown command.
Casting: Call Canine Familiar (safe; 1% risk of failure)
Confirm with . or Enter, or press ? or * to list all spells.
Aiming: Summon Lightning Spire (slightly dangerous; 24% risk of failure)
Press: ? - help, Dir - move target cursor An electric hum fills the air.
The bullfrog hits you. x2
* * * LOW HITPOINT WARNING * * *
Unknown command.
You barely miss the bullfrog.
The bullfrog is severely wounded.
The bullfrog hits you!
* * * LOW HITPOINT WARNING * * *
It was a potion of flight.
You feel very buoyant.
You fly up into the air.
The bullfrog closely misses you. The bullfrog hits you.
You die...

### ######## #.. ########
#......# #.. #......#
#......# #.. #......#
#......# #..
#....§.###......#####..
######.....@..'.........h...
#.......§8F§###.......####..
#.####......# #.......####..
#.≈≈≈≈≈.....# #...........##
#.≈###≈####...+.............
#..'_#≈# #####.............
##≈###≈# #...........## #≈≈
≈≈# ######......# #######
#......##


You could see a bullfrog and a friendly lightning spire.

Vanquished Creatures
  2 adder skeletons (D:4)
  An orc (D:4)
  A hobgoblin (D:2)
4 creatures vanquished.

Vanquished Creatures (collateral kills)
  A hound (D:5)
  Ijyb (D:3)
  2 worker ants (D:5)
  4 gnolls (D:4)
  An ooze (D:2)
  A worm (D:4)
  2 leopard geckos
  4 orcs
  A ball python (D:4)
  A bat (D:2)
  2 giant cockroaches
  A goblin (D:2)
  4 hobgoblins
  2 jackals (D:2)
  3 kobolds
  3 frilled lizards
  4 rats
37 creatures vanquished.

Grand Total: 41 creatures vanquished

Notes
Turn   | Place    | Note
-------+----------+-------------------------------------------
     0 | D:1      | tidbits the Gnoll Summoner began the quest for the Orb.
     0 | D:1      | Reached XP level 1. HP: 13/13 MP: 6/6
   216 | D:1      | Reached XP level 2. HP: 19/19 MP: 6/7
   220 | D:1      | Learned a level 2 spell: Call Imp
   457 | D:3      | Noticed Ijyb
   485 | D:3      | Killed Ijyb
   485 | D:3      | Reached skill level 5 in Spellcasting
   485 | D:3      | Reached XP level 3. HP: 23/25 MP: 4/9
   490 | D:3      | Learned a level 3 spell: Call Canine Familiar
   573 | D:4      | Found an ornate altar of the Wu Jian Council.
   577 | D:4      | Found an iron altar of Okawaru.
   577 | D:4      | Found a sacrificial altar of Ru.
   577 | D:4      | Found a glowing golden altar of the Shining One.
   593 | D:4      | Reached skill level 1 in Invocations
   611 | D:4      | Reached skill level 1 in Fighting
   611 | D:4      | Reached skill level 1 in Short Blades
   611 | D:4      | Reached skill level 1 in Long Blades
   611 | D:4      | Reached skill level 1 in Axes
   611 | D:4      | Reached skill level 1 in Maces & Flails
   611 | D:4      | Reached skill level 1 in Polearms
   611 | D:4      | Reached skill level 1 in Staves
   611 | D:4      | Reached skill level 1 in Slings
   611 | D:4      | Reached skill level 1 in Bows
   611 | D:4      | Reached skill level 1 in Crossbows
   611 | D:4      | Reached skill level 1 in Throwing
   611 | D:4      | Reached skill level 1 in Armour
   611 | D:4      | Reached skill level 1 in Shields
   611 | D:4      | Reached skill level 1 in Unarmed Combat
   611 | D:4      | Reached skill level 1 in Evocations
   613 | D:4      | Reached XP level 4. HP: 21/32 MP: 6/11
   625 | D:5      | Entered Level 5 of the Dungeon
   703 | D:5      | Reached skill level 1 in Conjurations
   703 | D:5      | Reached skill level 1 in Hexes
   703 | D:5      | Reached skill level 1 in Charms
   703 | D:5      | Reached skill level 1 in Necromancy
   703 | D:5      | Reached skill level 1 in Translocations
   703 | D:5      | Reached skill level 1 in Transmutations
   703 | D:5      | Reached skill level 1 in Fire Magic
   703 | D:5      | Reached skill level 1 in Ice Magic
   703 | D:5      | Reached skill level 1 in Air Magic
   703 | D:5      | Reached skill level 1 in Earth Magic
   703 | D:5      | Reached skill level 1 in Poison Magic
   712 | D:5      | Learned a level 4 spell: Summon Lightning Spire
   784 | D:5      | Found a blossoming altar of Fedhas.
   796 | D:6      | Noticed a bullfrog
   801 | D:5      | HP: 2/32 [bullfrog (9)]
   802 | D:5      | Slain by a bullfrog

Vault maps used:
D:1:      dpeg_arrival_windows_large_door
D:3:      uniq_natasha, uniq_ijyb
D:4:      grunt_temple_overflow_open
D:5:      kennysheep_mini_moat, first_ration
D:6:      kennysheep_little_box, minmay_temple_entry_proselytizer,
          hellmonk_ghost_happy_afterlife, serial_rivers,
          chequers_serial_rivers_small_3, chequers_serial_rivers_marsh,
          chequers_serial_rivers_marsh, chequers_serial_rivers_large_b,
          nicolae_alphabet_shops, grunt_ministairs_15, corexii_shack

Skill      XL: |  1  2  3  4 |
---------------+-------------+-----
Spellcasting   | 5 |  5.1
Invocations    | 1 |  1.4
Fighting       | 1 |  1.2
Short Blades   | 1 |  1.2
Long Blades    | 1 |  1.2
Axes           | 1 |  1.2
Maces & Flails | 1 |  1.2
Polearms       | 1 |  1.2
Staves         | 1 |  1.2
Slings         | 1 |  1.2
Bows           | 1 |  1.2
Crossbows      | 1 |  1.2
Throwing       | 1 |  1.2
Armour         | 1 |  1.2
Shields        | 1 |  1.2
Unarmed Combat | 1 |  1.2
Evocations     | 1 |  1.2
Conjurations   | 1 |  1.0
Hexes          | 1 |  1.0
Charms         | 1 |  1.0
Necromancy     | 1 |  1.0
Translocations | 1 |  1.0
Transmutations | 1 |  1.0
Fire Magic     | 1 |  1.0
Ice Magic      | 1 |  1.0
Air Magic      | 1 |  1.0
Earth Magic    | 1 |  1.0
Poison Magic   | 1 |  1.0
Dodging        | |  4.7
Stealth        | |  4.3
Summonings     | |  7.1

Action                   |  1- 3 |  4- 6 || total
-------------------------+-------+-------++-------
Melee: Unarmed           |    15 |       ||    15
       Bite              |     2 |       ||     2
       Dagger            |     8 |     5 ||    13
       Flail             |     7 |     2 ||     9
 Cast: Summon Small Mamm |    29 |       ||    29
       Call Imp          |    12 |     3 ||    15
       Call Canine Famil |     3 |     4 ||     7
       Summon Lightning  |       |     1 ||     1
  Use: Scroll            |     1 |     1 ||     2
       Potion            |       |     3 ||     3
 Stab: Sleeping          |     2 |     1 ||     3
       Distracted        |     2 |       ||     2
Armor: Robe              |     3 |     1 ||     4
Dodge: Dodged            |    19 |     9 ||    28

Table legend:
 A = Non-vault XP
 B = Vault XP
 C = Vault XP percentage of total XP
 D = Non-vault monster count
 E = Vault monster count
 F = Vault count percentage of total count
                 A         B        C        D         E       F
            +---------+---------+-------+---------+---------+-------
      Total |     143 |      18 |  11.2 |      40 |       1 |   2.4
            +---------+---------+-------+---------+---------+-------
        D:1 |      10 |       0 |   0.0 |       9 |       0 |   0.0
        D:2 |      11 |       0 |   0.0 |       7 |       0 |   0.0
        D:3 |       7 |      18 |  72.0 |       5 |       1 |  16.7
        D:4 |      49 |       0 |   0.0 |      13 |       0 |   0.0
        D:5 |      66 |       0 |   0.0 |       6 |       0 |   0.0
            +---------+---------+-------+---------+---------+-------

Table legend:
 A = Turns spent in this place as a percentage of turns spent in the entire game.
 B = Non-inter-level travel turns spent in this place as a percentage of non-inter-level travel turns spent in the entire game.
 C = Inter-level travel turns spent in this place as a percentage of turns spent in this place.
 D = Turns resting spent in this place as a percentage of non-inter-level travel turns spent in this place.
 E = Turns spent auto-exploring this place as a percentage of non-inter-level travel turns spent in this place.
 F = Non-inter-level travel turns spent in this place divided by the number of levels of this place that you've seen.
                   A       B       C       D       E      F
               +-------+-------+-------+-------+-------+----------------------
         Total | 100.0 | 100.0 |   0.0 |   0.0 |   0.0 | 133.7
       Dungeon | 100.0 | 100.0 |   0.0 |   0.0 |   0.0 | 133.7
               +-------+-------+-------+-------+-------+----------------------

Table legend:
 A = Kills in this place as a percentage of kills in entire the game.
 B = Kills by you in this place as a percentage of kills by you in the entire game.
 C = Kills by friends in this place as a percentage of kills by friends in the entire game.
 D = Other kills in this place as a percentage of other kills in the entire game.
 E = Experience gained in this place as a percentage of experience gained in the entire game.
 F = Experience gained in this place divided by the number of levels of this place that you have seen.
                   A       B       C       D       E      F
               +-------+-------+-------+-------+-------+----------------------
         Total | 100.0 | 100.0 | 100.0 |   N/A | 100.0 |  26.8
       Dungeon | 100.0 | 100.0 | 100.0 |   N/A | 100.0 |  26.8
               +-------+-------+-------+-------+-------+----------------------

Vault maps used:
D:1:      dpeg_arrival_windows_large_door
D:3:      uniq_natasha, uniq_ijyb
D:4:      grunt_temple_overflow_open
D:5:      kennysheep_mini_moat, first_ration
D:6:      kennysheep_little_box, minmay_temple_entry_proselytizer,
          hellmonk_ghost_happy_afterlife, serial_rivers,
          chequers_serial_rivers_small_3, chequers_serial_rivers_marsh,
          chequers_serial_rivers_marsh, chequers_serial_rivers_large_b,
          nicolae_alphabet_shops, grunt_ministairs_15, corexii_shack
